 Dungeon Crawl Stone Soup version 0.30-b1-2-g02819fbbbe (webtiles) character file.

Game seed: 5819398828628815487

11639 Alarkh the Destroyer (level 11, -6/64 (68) HPs)
             Began as a Demonspawn Conjurer on May 28, 2023.
             Was a High Priest of Uskayaw.
             Killed from afar by a necromancer (27 damage)
             ... with a bolt of negative energy
             ... in an ice cave.
             The game lasted 00:30:52 (13510 turns).

Alarkh the Destroyer (Demonspawn Conjurer)         Turns: 13510, Time: 00:30:52

HP:   -6/64 (68)    AC:  6    Str:  7    XL:     11   Next: 52%
MP:   5/21          EV: 14    Int: 25    God:    Uskayaw [*****.]
Gold: 512           SH: 12    Dex: 15    Spells: 17/24 levels left

rFire   + + +        a - +3 dagger (venom)
rCold   + + .        E - +2 shield of Resistance {rF++ rC++ Will++}
rNeg    . . .        i - +1 leather armour {rF+}
rPois   .            W - +0 helmet
rElec   .            (no cloak)
rCorr   .            (no gloves)
SInv    +            J - +0 pair of boots
Will    ++...        e - amulet of the acrobat
Stlth   +++++        H - ring of see invisible
HPRegen 0.30/turn    P - +5 ring of evasion
MPRegen 0.17/turn

%: acrobat
@: mighty, drained
A: thin skeletal structure 2, powered by pain 1, demonic magic 2, weakness
stinger 2
a: Renounce Religion, Stomp, Line Pass, Grand Finale


You were in an ice cave.
You worshipped Uskayaw.
Uskayaw was noncommittal.
You visited 2 branches of the dungeon, and saw 12 of its levels.
You also visited: Sewer, Ossuary and Ice Cave.

You collected 707 gold pieces.
You spent 195 gold pieces at shops.

Inventory:

Hand Weapons
 a - a +3 dagger of venom (weapon)
 b - a +1 dagger of draining
Missiles
 S - a throwing net
Armour
 i - a +1 leather armour of fire resistance (worn)
 y - a +0 robe
 E - the +2 shield of Resistance (worn) {rF++ rC++ Will++}
   (You found it on level 4 of the Dungeon)

   rF:        It greatly protects you from fire.
   rC:        It greatly protects you from cold.
   Will:      It greatly increases your willpower.
 J - a +0 pair of boots (worn)
 W - a +0 helmet (worn)
 Y - a +1 helmet
Magical Staves
 T - the staff of poison "Coxixourgh" {rPois Int+2}
   (You found it on level 10 of the Dungeon)

   [staff of poison]

   Base accuracy: +5 Base damage: 5 Base attack delay: 1.2 This weapon's minimum
   attack delay (0.6) is reached at skill level 12.
   Int:       It affects your intelligence (+2).
   rPois:     It protects you from poison.
   It falls into the 'Staves' category.
   It is a one-handed weapon.
Jewellery
 e - an amulet of the acrobat (around neck)
 k - a +6 ring of intelligence
 q - a ring of willpower
 H - a ring of see invisible (left hand)
 P - a +5 ring of evasion (right hand)
 Q - a +4 ring of slaying
 V - a ring of magical power
Wands
 C - a wand of flame (34)
 G - a wand of charming (6)
 M - a wand of mindburst (22)
 N - a wand of iceblast (21)
 O - a wand of polymorph (10)
 R - a wand of digging (3)
Scrolls
 d - 4 scrolls of noise
 f - 2 scrolls of summoning {unknown}
 g - 4 scrolls of poison
 j - a scroll of blinking
 m - a scroll of enchant weapon
 n - a scroll of immolation {unknown}
 r - 2 scrolls of identify
 B - 6 scrolls of teleportation
 D - 2 scrolls of torment {unknown}
 F - a scroll of magic mapping
 I - a scroll of acquirement {unknown}
 K - a scroll of vulnerability
 L - a scroll of silence
Potions
 c - 5 potions of lignification
 h - 2 potions of brilliance
 l - a potion of mutation
 o - 3 potions of heal wounds
 p - 7 potions of curing
 s - 6 potions of haste
 t - 2 potions of magic
 u - 2 potions of resistance
 v - 5 potions of invisibility
 w - 2 potions of cancellation
 x - 6 potions of might
 z - a potion of berserk rage
 A - 4 potions of flight
 X - a potion of ambrosia {unknown}
Miscellaneous
 U - a box of beasts


   Skills:
 + Level 6.2 Short Blades
 - Level 1.7 Dodging
 + Level 7.1 Stealth
 + Level 6.2 Shields
 + Level 7.3 Spellcasting
 * Level 11.7 Conjurations
 + Level 5.7 Invocations


You had 17 spell levels left.
You knew the following spells:

 Your Spells              Type           Power      Damage    Failure   Level
a - Searing Ray           Conj           100%       2d8       1%          2
b - Magic Dart            Conj           100%       1d8       1%          1
c - Fulminant Prism       Conj/Hex       19%        3d10      41%         4

Your spell library contained the following spells:

 Spells                   Type           Power      Damage    Failure   Level
 Momentum Strike          Conj/Tloc      76%        3d10      7%          2
 Static Discharge         Conj/Air       76%        2-6/arc   7%          2
 Dazzling Flash           Conj/Hex       76%        N/A       14%         3
 Iskenderun's Mystic Bla  Conj/Tloc      38%        2d9       41%         4
 Blink                    Tloc           18%        N/A       61%         2
 Lesser Beckoning         Tloc           18%        N/A       61%         2
 Sublimation of Blood     Necr           9%         N/A       61%         2
 Wereblood                Tmut           9%         N/A       61%         2
 Airstrike                Air            4%         2d(1-17)  99%         4
 Animate Dead             Necr           9%         N/A       99%         4
 Summon Lightning Spire   Summ/Air       9%         N/A       99%         4
 Borgnjor's Vile Clutch   Necr/Erth      4%         N/A       100%        5
 Death Channel            Necr           4%         N/A       100%        6
 Summon Hydra             Summ           4%         N/A       100%        7


Dungeon Overview and Level Annotations

Branches:
Dungeon (11/15)            Temple (1/1) D:6            Lair (0/5) D:8
    Orc (0/2) D:9           Sewer (visited)         Ossuary (visited)
  IceCv (1/1)

Altars:
Ashenzari
Cheibriados
Dithmenos
Fedhas
Gozag
Hepliaklqana
Kikubaaqudgha
Makhleb
Nemelex Xobeh
Okawaru
Qazlal
Ru
Sif Muna
Trog
Uskayaw
Vehumet
Wu Jian
Xom
Yredelemnul

Shops:
D:1 [   D:5 =   D:9 *

Annotations:
D:9 exclusion: orange demon, Amaemon, Erolcha IceCv exclusion: ice statue


Innate Abilities, Weirdness & Mutations

You have a moderately thin skeletal structure. (Dex +4, Stealth++)
You sometimes gain a little power by taking damage.
Spells you cast may paralyse nearby enemies.
You have a tail ending in a sharp stinger.


Message History

Casting: Searing Ray (safe; 1% risk of failure)
Confirm with . or Enter, or press ? or * to list all spells.
Aiming: Searing Ray (safe; 1% risk of failure)
Press: ? - help, Shift-Dir - straight line, f - wolf simulacrum
Aim: a wolf simulacrum (lightly damaged, sharing its pain, 83% to hit)
The searing ray hits the ice devil.
The ice devil is moderately wounded.
The searing ray misses the wolf simulacrum. (Press . to maintain the ray.) Malevolent energies surge around you.
An ice devil comes into view.
The necromancer casts a spell.
The necromancer binds the souls of nearby monsters.
The searing ray hits the ice devil!
The ice devil is heavily wounded.
The searing ray hits the wolf simulacrum!
The wolf simulacrum vaporises!
The freezing wraith is no longer sharing its pain.
The ice devil barely misses you. You block the ice devil's attack.
Unknown command.
Casting: Searing Ray (safe; 1% risk of failure)
Confirm with . or Enter, or press ? or * to list all spells.
Restarting spell: Searing Ray (safe; 1% risk of failure)
Press: ? - help, Shift-Dir - straight line, f - ice devil
Aim: an ice devil (moderately wounded, sharing its pain, 83% to hit)
The searing ray hits the ice devil but does no damage.
The ice devil is moderately wounded.
The searing ray hits the freezing wraith.
The freezing wraith is lightly damaged. (Press . to maintain the ray.) Malevolent energies surge around you.
The necromancer is no longer sharing its pain.
The ice devil hits you. The ice devil freezes you! You resist.
The necromancer points at you and mumbles some strange words.
The bolt of negative energy hits the freezing wraith.
The freezing wraith completely resists.
The bolt of negative energy hits the ice devil.
The ice devil completely resists.
The bolt of negative energy hits you!!
You feel drained.
You die...

....##....##.......#
...####..#####....##
....# ##§§# ##..##
...## #§☼§..#####
..## §§§☼...# .##
####☼.§..# ##
##.####.#.# #
##...###..##### #
#..#.....####@# #
##..##.....##44##
#..###.....##○W.#
##..###.......##.#
#..###......Z.#..#
##..# #.......##.p##
#..## #......####.4#
#.## ##......# ##.#
..# ##..#8..## #..#


You could see 3 ice devils, a freezing wraith, a necromancer and an elephant
simulacrum (pain bonded).

Vanquished Creatures
  2 two-headed ogres
  Sonja (D:11)
  Pikel (D:8)
  5 freezing wraiths (IceCv)
  5 ice devils (IceCv)
  A troll (D:9)
  Prince Ribbit (D:6)
  A wraith (D:11)
  Eustachio (D:6)
  Grum (D:8)
  A death yak simulacrum (IceCv)
  Menkaure (D:6)
  2 harpy simulacra (IceCv)
  2 water moccasins
  3 swamp worms (D:10)
  Duvessa (D:6)
  A sky beast (D:8)
  3 orc warriors
  An ice beast (D:6)
  2 ogres (D:5)
  2 wolves (D:8)
  2 phantoms (D:5)
  A lemure (D:8)
  Blork the orc (D:6)
  2 kobold brigands
  3 bullfrogs (D:7)
  2 two-headed ogre simulacra (IceCv)
  5 scorpions
  2 cane toad simulacra (IceCv)
  2 gnoll sergeants (D:10)
  14 wights
  Dowan (D:6)
  3 elephant simulacra (IceCv)
  15 killer bees
  A howler monkey (D:9)
  A centaur zombie (Ossuary)
  5 hounds
  A jelly (D:6)
  Crazy Yiuf (D:5)
  4 orc priests
  5 iguanas
  Ijyb (D:4)
  9 orc wizards
  2 spriggan simulacra (IceCv)
  A troll simulacrum (IceCv)
  6 wolf simulacra (IceCv)
  4 ogre zombies (Ossuary)
  7 mummies (Ossuary)
  Robin (D:4)
  13 gnolls
  A naga simulacrum (IceCv)
  A river rat (D:3)
  11 adders
  A white imp (D:5)
  An ufetubus (D:7)
  3 adder zombies (Ossuary)
  3 worms
  A dart slug (D:1)
  42 orcs
  5 endoplasms
  6 giant cockroaches
  A gnoll zombie (Ossuary)
  15 goblins
  18 hobgoblins
  6 jackals (D:3)
  8 quokkas
  5 ball pythons
  6 bats
  2 frilled lizards
  4 goblin zombies (Ossuary)
  4 hobgoblin zombies (Ossuary)
  21 kobolds
  4 kobold zombies (Ossuary)
  4 quokka zombies (Ossuary)
  13 rats
  5 rat zombies (Ossuary)
344 creatures vanquished.

Vanquished Creatures (others)
  3 plants (D:10)
3 creatures vanquished.

Grand Total: 347 creatures vanquished

Notes
Turn   | Place    | Note
-------+----------+-------------------------------------------
     0 | D:1      | Alarkh the Demonspawn Conjurer began the quest for the Orb.
     0 | D:1      | Reached XP level 1. HP: 13/13 MP: 3/3
   159 | D:1      | Gained mutation: Spells you cast may paralyse adjacent
                  | enemies. [demonic ancestry]
   159 | D:1      | Reached XP level 2. HP: 19/19 MP: 0/5
   532 | D:1      | Found Ciruadiw's Antique Armour Emporium.
   789 | D:1      | Learned a level 2 spell: Searing Ray
  1056 | D:2      | Gained mutation: You have a somewhat thin skeletal
                  | structure. (Dex +2, Stealth+) [demonic ancestry]
  1056 | D:2      | Reached XP level 3. HP: 24/24 MP: 1/6
  1429 | D:2      | Found a faded altar of an unknown god.
  1512 | D:2      | Reached skill level 5 in Conjurations
  1899 | D:2      | Gained mutation: You have a small tail. [demonic ancestry]
  1899 | D:2      | Reached XP level 4. HP: 30/30 MP: 5/8
  2088 | D:3      | Learned a level 4 spell: Fulminant Prism
  2289 | D:3      | Found a glowing drain.
  2303 | Sewer    | Entered a sewer
  2521 | Sewer    | Noticed a kobold brigand
  2531 | Sewer    | Killed a kobold brigand
  2532 | Sewer    | Reached skill level 6 in Conjurations
  2532 | Sewer    | Gained mutation: You sometimes gain a little power by
                  | taking damage. [demonic ancestry]
  2532 | Sewer    | Reached XP level 5. HP: 29/35 MP: 1/10
  3387 | D:4      | Noticed Robin
  3409 | D:4      | Killed Robin
  3526 | D:4      | Found the +2 shield of Resistance {rF++ rC++ Will++}
  3572 | D:4      | Reached XP level 6. HP: 41/41 MP: 7/11
  3871 | D:4      | Noticed Ijyb
  3877 | D:4      | Killed Ijyb
  3878 | D:4      | Reached skill level 1 in Short Blades
  4254 | D:5      | Entered Level 5 of the Dungeon
  4268 | D:5      | Reached skill level 1 in Shields
  4313 | D:5      | Gained mutation: You have a moderately thin skeletal
                  | structure. (Dex +4, Stealth++) [demonic ancestry]
  4313 | D:5      | Reached XP level 7. HP: 46/46 MP: 8/12
  4323 | D:5      | Found Gypnurghi's Jewellery Boutique.
  4330 | D:5      | Reached skill level 7 in Conjurations
  4359 | D:5      | Bought a ring of see invisible for 195 gold pieces
  4718 | D:5      | Gained mutation: You have a tail ending in a sharp stinger.
                  | [demonic ancestry]
  4718 | D:5      | Reached XP level 8. HP: 41/52 MP: 8/14
  4783 | D:5      | Noticed a two-headed ogre
  5265 | D:5      | Found a runed translucent door.
  5266 | D:5      | Noticed Crazy Yiuf
  5273 | D:5      | Killed Crazy Yiuf
  5382 | D:5      | Killed a two-headed ogre
  5383 | D:5      | Reached skill level 5 in Spellcasting
  5383 | D:5      | Reached skill level 8 in Conjurations
  5403 | D:5      | Reached XP level 9. HP: 40/57 MP: 2/16
  5604 | D:6      | Noticed Eustachio
  5615 | D:6      | Killed Eustachio
  5651 | D:6      | Reached skill level 9 in Conjurations
  5809 | D:6      | Noticed Prince Ribbit
  5837 | D:6      | Killed Prince Ribbit
  6003 | D:6      | Found a staircase to the Ecumenical Temple.
  6003 | D:6      | Noticed Menkaure
  6006 | D:6      | Killed Menkaure
  6007 | D:6      | Reached skill level 5 in Stealth
  6014 | Temple   | Entered the Ecumenical Temple
  6314 | Temple   | Became a worshipper of Uskayaw the Reveller
  6392 | D:6      | Noticed Blork the orc
  6396 | D:6      | Reached * piety under Uskayaw
  6397 | D:6      | Killed Blork the orc
  6421 | D:6      | Reached ** piety under Uskayaw
  6481 | D:6      | Reached *** piety under Uskayaw
  6643 | D:6      | Noticed Dowan
  6646 | D:6      | Noticed Duvessa
  6649 | D:6      | Killed Duvessa
  6654 | D:6      | Killed Dowan
  6930 | D:6      | Found a shimmering blue altar of Sif Muna.
  7136 | D:7      | Found a sand-covered staircase.
  7144 | Ossuary  | Entered an ossuary
  7827 | D:7      | Reached skill level 10 in Conjurations
  8099 | D:7      | Reached skill level 1 in Invocations
  8099 | D:7      | Reached XP level 10. HP: 63/63 MP: 14/19
  8106 | D:7      | Reached **** piety under Uskayaw
  8805 | D:8      | Found a staircase to the Lair.
  8984 | D:8      | Noticed Pikel
  8994 | D:8      | Killed Pikel
  8995 | D:8      | Reached skill level 5 in Short Blades
  8999 | D:8      | Reached ***** piety under Uskayaw
  9009 | D:8      | Reached ****** piety under Uskayaw
  9117 | D:8      | Found an ancient bone altar of Kikubaaqudgha.
  9298 | D:8      | Noticed Grum
  9301 | D:8      | Reached skill level 5 in Shields
  9310 | D:8      | Killed Grum
  9990 | D:9      | Found a staircase to the Orcish Mines.
 10215 | D:9      | Found Qont's CLEARANCE SALE!.
 10566 | D:9      | Noticed Erolcha
 10567 | D:9      | Noticed an orange demon
 10933 | D:9      | Noticed Amaemon
 10958 | D:10     | Entered Level 10 of the Dungeon
 11076 | D:10     | Identified the staff of poison "Coxixourgh" {rPois Int+2}
 11994 | D:10     | Reached skill level 11 in Conjurations
 12023 | D:10     | Found an opulent altar of Gozag.
 12023 | D:10     | Found an ornate altar of the Wu Jian Council.
 12183 | D:11     | Noticed Sonja
 12191 | D:11     | Killed Sonja
 12346 | D:11     | Gained mutation: Spells you cast may paralyse nearby
                  | enemies. [demonic ancestry]
 12346 | D:11     | Reached XP level 11. HP: 62/68 MP: 12/21
 12399 | D:11     | Found a frozen archway.
 12407 | D:11     | Noticed a two-headed ogre
 12419 | D:11     | Killed a two-headed ogre
 12479 | IceCv    | Entered an ice cave
 12809 | IceCv    | Reached skill level 5 in Invocations
 13237 | IceCv    | Found an ancient bone altar of Kikubaaqudgha.
 13506 | IceCv    | Noticed a necromancer
 13510 | IceCv    | Killed from afar by a necromancer

Illustrated notes

Levels and vault maps discovered:
D:1:      heliophobic_arrival_ceremonial_halls, layout_loops_ring, serial_shops,
          nicolae_shop_hallway_plus, kennysheep_another_room,
          minmay_pentomino_p2
D:2:      layout_basic, hellmonk_ecumenical_altar_lost_god, fountainhead
D:3:      layout_loops_cross, gup_sewer_entry_bubbles
D:4:      layout_gridville, corexii_checkpoint_a, hangedman_decor_push,
          uniq_robin, uniq_ijyb
D:5:      layout_basic, elyvilon_altar_5, serial_shops, shop, st_stairs_8,
          grunt_tough_drop, uniq_crazy_yiuf_cottage
D:6:      layout_loops_cross, led_sif_pool, minmay_temple_entry_glassed_door,
          minmay_liquid_box, uniq_eustachio, uniq_prince_ribbit1,
          uniq_blork_the_orc, uniq_menkaure, uniq_duvessa
D:7:      layout_loops_cross, chequers_ossuary_entry_cave
D:8:      layout_layer_cave, mainiacjoe_overflow_paths, dpeg_oklobed_lair,
          uniq_pikel, uniq_grum
D:9:      layout_irregular_city, orc_0_dummy, nicolae_shop_clearance,
          uniq_amaemon, uniq_erolcha
D:10:     layout_small_grid, nicolae_overflow_two_pavilions, minivault_25,
          nicolae_eternal_life, worms_lemuel
D:11:     layout_basic, portal_ice_cave_entry_pillars_2,
          minmay_misc_feat_enclosed, uniq_sonja, uniq_josephine
Temple:   minmay_temple_bridge_d
IceCv:    ice_cave_small_necro

Skill      XL: |  1  2  3  4  5  6  7  8  9 10 11 |
---------------+----------------------------------+-----
Conjurations   | 5 6 7 8 10 11 | 11.7
Spellcasting   | 3 4 5 6 7 |  7.3
Stealth        | 2 3 4 5 6 7 |  7.1
Short Blades   | 1 2 3 4 5 6 |  6.2
Shields        | 1 2 3 4 5 6 |  6.2
Invocations    | 1 4 5 |  5.7
Dodging        | |  1.7

Action                     |  1- 3 |  4- 6 |  7- 9 | 10-12 || total
---------------------------+-------+-------+-------+-------++-------
  Melee: Unarmed           |    11 |       |       |       ||    11
         Short sword       |    19 |       |       |       ||    19
         Dagger            |     9 |   127 |   160 |   113 ||   409
         Tailslap          |       |    11 |    10 |    11 ||    32
         Punch             |       |     1 |       |       ||     1
   Cast: Magic Dart        |    44 |     8 |    14 |    11 ||    77
         Searing Ray       |    14 |    24 |    36 |    83 ||   157
    Use: Potion            |     1 |       |     3 |       ||     4
         Scroll            |       |     5 |     9 |     4 ||    18
   Stab: Paralysed         |     2 |     9 |    12 |    32 ||    55
         Sleeping          |     2 |    15 |    43 |     8 ||    68
         Distracted        |       |     1 |     2 |     1 ||     4
 Armour: Robe              |    10 |       |       |       ||    10
         Leather armour    |       |    28 |    19 |    14 ||    61
  Dodge: Dodged            |    54 |    77 |    57 |   136 ||   324
  Block: Kite shield       |       |    12 |    82 |   155 ||   249
